AoeStats
← Ben

Arena

508618542Analyzed
4v4 RM · 7d ago on Sep 23, 2026· 55m 4s· 8 players
Game mode
Random Map
Map size
Large (8 player)
Population
200
Speed
Normal
Resources
Standard
Victory
Conquest
Starting age
Dark Age
Ending age
Imperial Age
RankedLock teamsTeams togetherTeam positionsShared explorationLock speedFull tech treeHidden civsTurbo modeCheats
Victory
Defeat
🇹🇼 Koreans · Taiwan
1050
+15
🇯🇵 Persians · Japan
1050
+15
🇦🇷 Gurjaras · Argentina
1024
+16
🇹🇷 Turks · Türkiye
1001
+17
🇨🇳 Bulgarians · China
1103
-18
🇹🇷 Poles · Türkiye
1079
-18
🇮🇩 Persians · Indonesia
973
-14
🇺🇸 Wei · United States
951
-13
happykids
10:19 Feudal Age
14:04 Castle Age
12:16 Double-Bit Axe
13:03 Horse Collar
14:20 Wheelbarrow
15:32 Bow Saw
17:59 Stone Mining
19:57 Gold Mining
20:10 Heavy Plow
24:50 Masonry
25:34 Caravan
25:21 Loom
29:05 Imperial Age
27:34 Squires
26:55 Pikeman
27:59 Hand Cart
27:55 Scale Barding Armor
28:17 Ballistics
28:50 Gold Shaft Mining
28:42 Husbandry
28:53 Bloodlines
28:56 Forging
30:08 Conscription
29:13 Halberdier
29:21 Cavalier
31:53 Two-Man Saw
32:43 Chain Barding Armor
35:05 Hoardings
36:22 Chemistry
35:59 Plate Barding Armor
36:00 Iron Casting
35:58 Architecture
36:47 Fletching
36:26 Savar
38:24 Citadels
39:48 Blast Furnace
38:49 Scale Mail Armor
39:39 Bodkin Arrow
42:00 Chain Mail Armor
43:17 Plate Mail Armor
43:07 Guilds
43:28 Coinage
51:17 Murder Holes
enverlife
9:58 Feudal Age
11:17 Horse Collar
19:55 Castle Age
18:26 Double-Bit Axe
20:47 Heavy Plow
27:20 Imperial Age
24:52 Loom
31:21 Bloodlines
37:13 Bow Saw
48:01 Scale Mail Armor
48:12 Forging
48:07 Scale Barding Armor
50:23 Elite Janissary
53:18 Caravan
53:48 Coinage
55:30 Padded Archer Armor
55:21 Fletching
55:51 Chain Barding Armor
55:47 Chain Mail Armor
56:07 Iron Casting
aa621514
11:28 Feudal Age
15:37 Castle Age
15:57 Double-Bit Axe
18:42 Bow Saw
18:14 Horse Collar
20:02 Fletching
21:39 Crossbowman
22:15 Loom
23:30 Wheelbarrow
24:16 Ballistics
25:35 Hand Cart
29:30 Bodkin Arrow
29:17 Pikeman
29:57 Squires
33:09 Imperial Age
31:06 Scale Mail Armor
31:19 Forging
33:36 Chain Mail Armor
33:57 Iron Casting
33:56 Bracer
35:51 Siege Engineers
36:47 Chemistry
36:23 Halberdier
36:27 Capped Ram
38:27 Plate Mail Armor
37:47 Arrowslits
39:22 Two-Man Saw
38:13 Gold Mining
39:53 Heavy Rocket Cart
41:04 Masonry
40:37 Treadmill Crane
42:51 Shinkichon
44:06 Eupseong
44:28 Conscription
tikymax
10:13 Feudal Age
14:24 Castle Age
12:27 Double-Bit Axe
12:23 Horse Collar
18:16 Fervor
21:30 Wheelbarrow
21:49 Bow Saw
27:48 Imperial Age
25:53 Gold Mining
25:53 Stone Mining
26:13 Scale Barding Armor
26:06 Loom
26:20 Treadmill Crane
27:01 Ballistics
26:50 Scale Mail Armor
27:01 Forging
27:49 Gold Shaft Mining
28:09 Hand Cart
27:58 Heavy Plow
28:26 Chain Mail Armor
29:13 Kshatriyas
29:55 Conscription
30:11 Iron Casting
30:50 Chain Barding Armor
30:22 Town Watch
31:20 Frontier Guards
31:19 Bloodlines
31:33 Husbandry
32:28 Plate Barding Armor
31:29 Heavy Camel Rider
36:08 Chemistry
35:01 Fletching
35:12 Padded Archer Armor
37:42 Elite Chakram Thrower
38:12 Arson
39:00 Plate Mail Armor
41:42 Stone Shaft Mining
41:32 Herbal Medicine
51:06 Light Cavalry
53:05 Hussar
Ben
9:14 Feudal Age
9:46 Double-Bit Axe
9:42 Horse Collar
10:48 Wheelbarrow
10:29 Gold Mining
10:30 Stone Mining
18:04 Castle Age
19:36 Hand Cart
19:59 Gold Shaft Mining
19:59 Stone Shaft Mining
19:39 Bow Saw
20:07 Heavy Plow
21:23 Loom
21:32 Town Watch
24:39 Fletching
25:20 Tuntian
26:02 Light Cavalry
26:54 Bloodlines
30:29 Imperial Age
28:12 Husbandry
28:23 Scale Barding Armor
28:54 Forging
30:24 Chain Barding Armor
30:40 Iron Casting
31:26 Town Patrol
31:58 Crop Rotation
32:21 Ming Guang Armor
32:36 Hussar
35:50 Hoardings
35:35 Conscription
37:20 Blast Furnace
36:16 Bodkin Arrow
38:49 Parthian Tactics
40:50 Thumb Ring
44:36 Caravan
51:17 Chemistry
50:37 Ballistics
51:01 Onager
Skafoid
0:43 Loom
11:16 Feudal Age
17:21 Castle Age
15:23 Stone Mining
16:33 Gold Mining
16:33 Double-Bit Axe
18:47 Bow Saw
22:26 Horse Collar
24:20 Heavy Plow
25:01 Wheelbarrow
24:18 Gold Mining
25:03 Stone Shaft Mining
26:29 Szlachta Privileges
26:15 Arson
26:38 Scale Barding Armor
27:50 Bloodlines
27:47 Squires
27:54 Husbandry
31:45 Imperial Age
29:02 Town Watch
31:59 Chain Barding Armor
32:46 Lechitic Legacy
31:57 Cavalier
33:45 Scale Mail Armor
33:55 Forging
36:21 Capped Ram
38:05 Crop Rotation
37:26 Siege Ram
38:38 Chain Mail Armor
38:58 Iron Casting
38:13 Light Cavalry
40:44 Town Patrol
40:59 Hand Cart
40:42 Pikeman
41:13 Man-at-Arms
42:13 Long Swordsman
43:56 Blast Furnace
43:04 Two-Handed Swordsman
43:48 Winged Hussar
44:28 Champion
Paladins Order
4:55 Loom
10:32 Feudal Age
12:21 Double-Bit Axe
15:18 Castle Age
13:40 Horse Collar
19:25 Heavy Plow
21:09 Wheelbarrow
22:54 Hand Cart
24:41 Gold Mining
26:04 Fletching
26:38 Bodkin Arrow
27:13 Bow Saw
30:03 Imperial Age
28:17 Murder Holes
29:06 Forging
30:05 Bloodlines
31:53 Chemistry
30:28 Heavy Camel Rider
31:30 Husbandry
31:38 Light Cavalry
33:55 Scale Barding Armor
34:50 Ballistics
36:38 Iron Casting
37:56 Kamandaran
38:39 Conscription
37:56 Crossbowman
39:11 Padded Archer Armor
39:41 Thumb Ring
40:44 Hussar
45:37 Blast Furnace
44:58 Chain Barding Armor
48:30 Onager
三条柒
2:32 Loom
11:04 Feudal Age
11:46 Feudal Age
13:38 Wheelbarrow
12:55 Double-Bit Axe
13:19 Double-Bit Axe
13:25 Town Watch
16:44 Castle Age
15:09 Horse Collar
15:52 Gold Mining
16:28 Gold Mining
17:57 Bow Saw
18:57 Heavy Plow
26:08 Wheelbarrow
29:14 Imperial Age
27:39 Wheelbarrow
29:22 Caravan
29:32 Scale Barding Armor
29:37 Forging
31:45 Masonry
33:17 Architecture
33:41 Fletching
34:22 Ballistics
34:36 Bodkin Arrow
35:33 Bracer
42:38 Scale Mail Armor
42:58 Squires
47:54 Chain Mail Armor
Connection lost

Rejoining the realm…

Still unreachable

The connection could not be restored.

Session expired

The server has moved on; the page needs a fresh start.